 Dungeon Crawl Stone Soup version 0.30.0-29-ga12c61a403 (webtiles) character file.

Game seed: 1478115271280066860

242 Fodor the Covered (level 5, -2/46 HPs)
             Began as a Minotaur Fighter on June 14, 2023.
             Was an Initiate of the Shining One.
             Killed from afar by an electric eel (11 damage)
             ... with a bolt of electricity
             ... on level 4 of the Dungeon.
             The game lasted 00:17:07 (3802 turns).

Fodor the Covered (Minotaur Fighter)                Turns: 3802, Time: 00:17:09

Health: -2/46      AC:  7    Str: 28    XL:     5   Next: 82%
Magic:  4/4        EV: 10    Int:  5    God:    the Shining One [......]
Gold:   121        SH:  5    Dex: 16    Spells: 4/4 levels left

rFire   . . .        n - +4 short sword
rCold   . . .        c - +0 buckler
rNeg    . . .        b - +0 scale mail
rPois   .            (helmet restricted)
rElec   .            (no cloak)
rCorr   .            (no gloves)
SInv    .            (no boots)
Will    .....        (no amulet) Stlth
                     q - +6 ring of strength
HPRegen 0.27/turn    v - +6 ring of dexterity
MPRegen 0.09/turn

%: no passive effects
@: glowing
A: horns 2, retaliatory headbutt
a: Renounce Religion


You were on level 4 of the Dungeon.
You worshipped the Shining One.
The Shining One was noncommittal.
You visited 2 branches of the dungeon, and saw 5 of its levels.

You collected 121 gold pieces.

Inventory:

Hand Weapons
 a - a +0 long sword
 n - a +4 short sword (weapon)
Missiles
 e - 21 stones
 j - 5 boomerangs (quivered)
Armour
 b - a +0 scale mail (worn)
 c - a +0 buckler (worn)
Jewellery
 q - a +6 ring of strength (left hand)
 v - a +6 ring of dexterity (right hand)
Wands
 t - a wand of roots (10)
 w - a wand of flame (20)
Scrolls
 g - a scroll of enchant armour
 h - a scroll of fear
 i - a scroll of enchant weapon
 l - a scroll of magic mapping {unknown}
 o - a scroll of teleportation {unknown}
 s - a scroll of poison
Potions
 d - 2 potions of might
 f - a potion of ambrosia {unknown}
 k - 2 potions of cancellation {unknown}
 m - a potion of berserk rage {unknown}
 p - 3 potions of curing {unknown}
 r - a potion of degeneration {unknown}
 u - a potion of heal wounds {unknown}


   Skills:
 + Level 4.2 Fighting
 + Level 2.2(3.4) Short Blades
 + Level 4.2(4.6) Long Blades
 + Level 4.9 Armour
 + Level 1.6 Dodging
 + Level 0.3 Stealth
 + Level 4.4 Shields


You had 4 spell levels left.
You didn't know any spells.
Your spell library contained the following spells:

 Spells                   Type           Power      Damage    Failure   Level
 Sting                    Tmut/Pois      0%         1d3       78%         1
 Poisonous Vapours        Pois/Air       0%         N/A       89%         2
 Olgreb's Toxic Radiance  Pois           0%         N/A       100%        4


Dungeon Overview and Level Annotations

Branches:
Dungeon (4/15)             Temple (1/1) D:4

Altars:
Cheibriados
Dithmenos
Elyvilon
Hepliaklqana
Kikubaaqudgha
Nemelex Xobeh
Okawaru
Qazlal
Sif Muna
Vehumet
Wu Jian
Xom
Yredelemnul
Zin
The Shining One

Shops:
D:3 ?((

Annotations:
D:4 1 transporter


Innate Abilities, Weirdness & Mutations

You have a pair of horns on your head.
You reflexively headbutt those who attack you in melee.


Message History

You kill the adder!
You see here an adder corpse.
Found a wand of flame (20).
Found a transporter.
Found 10 gold pieces.
There is a transporter here.
You now have 110 gold pieces (gained 10).
Found 15 gold pieces.
Found a transporter.
Found 11 gold pieces.
You now have 121 gold pieces (gained 11).
There is a transporter here.
You enter the transporter and appear at another place.
w - a wand of flame (20)
You open the door.
There is an open door here.
You hit the electric eel. Your headbutt misses the electric eel.
The electric eel is moderately wounded.
You hit the electric eel. Your headbutt misses the electric eel.
The electric eel is severely wounded.
The electric eel shoots out a bolt of lightning at you!
The bolt of electricity hits you!
You hit the electric eel.
The electric eel is almost dead.
The electric eel shoots out a bolt of lightning at you!
The bolt of electricity misses you. The bolt of electricity hits you.
The electric eel shoots out a bolt of lightning at you!
The bolt of electricity hits you!
You puncture the electric eel!
You kill the electric eel!
You hear a splash.
Your base Short Blades skill increases to level 2!
You hit the electric eel.
The electric eel is lightly wounded.
You hit the electric eel.
The electric eel is heavily wounded.
The electric eel shoots out a bolt of lightning at you!
The bolt of electricity hits you!
* * * LOW HITPOINT WARNING * * *
The bolt of electricity hits you!
You die...

#..### #.#######.# #>.#
#.........#
##.###################.######
#.##..................##
#.##.###############...#
#.##.#8P#~~~~~~~#P8#.#.#
#.#..#..#.......#..#...#
#...©#©$+...⌠...'.©#©..#
###..#..#......@#..#..##
##.#8P#~~~~~S†#P8#.##
#.###############.#
#.................#
###################


You could see an electric eel.

Vanquished Creatures
  An electric eel (D:4)
  An orc priest (D:4)
  A hound (D:4)
  An orc wizard (D:4)
  A gnoll (D:3)
  4 adders
  A white imp (D:3)
  An ufetubus (D:4)
  2 dart slugs
  4 orcs (D:4)
  5 endoplasms
  3 giant cockroaches (D:4)
  3 hobgoblins
  4 kobolds
  3 quokkas (D:1)
  5 ball pythons
  3 bats
  5 frilled lizards
  7 goblins
  6 rats
61 creatures vanquished.

Notes
Turn   | Place    | Note
-------+----------+-------------------------------------------
     0 | D:1      | Fodor the Minotaur Fighter began the quest for the Orb.
     0 | D:1      | Reached XP level 1. HP: 19/19 MP: 0/0
   328 | D:1      | Reached XP level 2. HP: 27/27 MP: 1/1
  1431 | D:2      | Reached XP level 3. HP: 33/33 MP: 2/2
  1883 | D:3      | Found Voutey's Magic Scroll Boutique.
  1999 | D:3      | Reached skill level 1 in Dodging
  1999 | D:3      | Reached XP level 4. HP: 7/40 MP: 3/3
  2158 | D:3      | Found a shadowy altar of Dithmenos.
  2246 | D:3      | Found Zoeneon's Antique Weapon Shop.
  2535 | D:3      | Found Vidghyc's Weapon Shop.
  2940 | D:4      | Reached skill level 1 in Short Blades
  2940 | D:4      | Reached XP level 5. HP: 8/46 MP: 4/4
  3152 | D:4      | Found a staircase to the Ecumenical Temple.
  3166 | Temple   | Entered the Ecumenical Temple
  3266 | Temple   | Became a worshipper of the Shining One
  3646 | D:4      | Found a transporter.
  3749 | D:4      | Found a transporter.
  3802 | D:4      | Killed from afar by an electric eel

Illustrated notes

Levels and vault maps discovered:
D:1:      lightli_arrival_farm, layout_basic, kennysheep_small_spiral,
          due_unseen_surprise
D:2:      layout_loops_cross, nrook_uturn
D:3:      layout_loops_ring, nicolae_overflow_crystal_walls, serial_shops,
          nicolae_shop_behind_doors, shop, shop_statue, minmay_box_of_dots
D:4:      gammafunk_steamed_eel, layout_basic, temple_green,
          minmay_misc_feat_tiny, nicolae_zen_rock_garden, skrybe_limestone_x
Temple:   nicolae_temple_superstar

Skill      XL: |  1  2  3  4  5 |
---------------+----------------+-----
Long Blades    | 3 4 |  4.2
Shields        | 4 |  4.4
Armour         | 4 |  4.9
Dodging        | 1 |  1.6
Fighting       | 4 |  4.2
Short Blades   | 1 2 |  2.2
Stealth        | |  0.3

Action                     |  1- 3 |  4- 6 || total
---------------------------+-------+-------++-------
  Melee: Long sword        |    66 |       ||    66
         Headbutt          |    11 |     8 ||    19
         Short sword       |    18 |    72 ||    90
    Use: Scroll            |       |     4 ||     4
 Armour: Scale mail        |    33 |    29 ||    62
  Dodge: Dodged            |    23 |    30 ||    53
  Block: Buckler           |    21 |    11 ||    32
